 Dungeon Crawl Stone Soup version 0.21.1-1-g345015f (webtiles) character file.

101 Autsider the Skirmisher (level 4, 0/41 HPs)
             Began as a Hill Orc Fighter on Feb 16, 2018.
             Killed from afar by an electric eel (11 damage)
             ... with a bolt of electricity
             ... on level 3 of the Dungeon.
             The game lasted 00:03:23 (1900 turns).

Autsider the Skirmisher (Hill Orc Fighter)          Turns: 1900, Time: 00:03:24

Health: 0/41       AC:  7    Str: 18    XL:     4   Next: 75%
Magic:  4/4        EV:  7    Int:  9    God:
Gold:   228        SH:  9    Dex: 10    Spells: 3/3 levels left

rFire    . . .     SeeInvis .   a - +0 war axe
rCold    . . .     Gourm    .   c - +0 shield
rNeg     . . .     Faith    .   b - +0 scale mail
rPois    .         Spirit   .   (no helmet)
rElec    .         Reflect  .   (no cloak)
rCorr    .         Harm     .   (no gloves)
MR       .....                  (no boots)
Stlth    ..........             (no amulet)
HPRegen  0.13/turn              (no ring)
MPRegen  0.09/turn              (no ring)

@: no status effects
A: no striking features
a: no special abilities


You were on level 3 of the Dungeon.
You were hungry.

You visited 1 branch of the dungeon, and saw 3 of its levels.

You collected 228 gold pieces.

Inventory:

Hand Weapons
 a - a +0 war axe (weapon)
Armour
 b - a +0 scale mail (worn)
 c - a +0 shield (worn)
 m - a cursed -2 scale mail
Jewellery
 n - an uncursed ring of protection from cold {unknown}
 r - a +4 amulet of reflection {unknown}
Wands
 v - a wand of flame (15)
Scrolls
 e - a scroll of enchant armour {unknown}
 g - a scroll of blinking {unknown}
 i - a scroll of remove curse {unknown}
 j - a scroll of enchant weapon {unknown}
 o - 4 scrolls of identify {unknown}
 q - 2 scrolls of teleportation {unknown}
 w - a scroll of immolation {unknown}
Potions
 d - a potion of might
 h - a potion of agility {unknown}
 k - 3 potions of ambrosia {unknown}
 l - a potion of invisibility {unknown}
 p - 2 potions of curing {unknown}
 s - a potion of lignification {unknown}
 t - a potion of heal wounds {unknown}
 u - a potion of flight {unknown}
Comestibles
 f - 11 rations


   Skills:
 + Level 4.4 Fighting
 + Level 3.9 Axes
 + Level 4.0 Armour
 + Level 4.1 Shields


You had 3 spell levels left.
You didn't know any spells.

Dungeon Overview and Level Annotations

Branches:
Dungeon (3/15)

Altars:
Wu Jian

Annotations:
D:3 1 transporter


Message History

You see here a centaur barding.
You see here 21 stones.
There is a transporter landing site here.
There is a transporter landing site here.
You can't go down here!
You can't go up here!
You see here 27 sling bullets.
You are feeling hungry.
There is a transporter here.
You enter the transporter and appear at another place.
v - a wand of flame (15)
You open the door.
The electric eel shoots out a bolt of lightning at you!
The bolt of electricity hits you! x2
The electric eel shoots out a bolt of lightning at you!
The bolt of electricity hits you! x2
* * * LOW HITPOINT WARNING * * *
The electric eel shoots out a bolt of lightning at you!
The bolt of electricity misses you. The bolt of electricity hits you!
You die...

..........####...## ###########
.....##.###......# ##
#...###.#...####.## #.
###...#...#####...#### #.
###....###....©....# ##.
##.#.###.#######.# ##..
####..#..##.#8.©.8#.# #..#
#(...##.....#P...P#.# #.##
##.#####..#..###@###.# #...
#..######.#..#;...;#.## ##...
..#..........#;...≈#..#######....
.########....#≈...≈#.............
## ##...#≈.⌠.≈#......###....
####### #...#≈...≈#.#.##........
#.....###...#≈...≈#.....####....
#####.......#≈...≈#.....# ##...
####....###+###.....# #...


You could see 3 electric eels.

Vanquished Creatures
  4 adders
  2 oozes
  A worm (D:3)
  2 dart slugs (D:3)
  A leopard gecko (D:3)
  2 ball pythons (D:3)
  7 bats
  A giant cockroach (D:3)
  5 goblins
  4 hobgoblins
  8 jackals
  4 frilled lizards
  5 kobolds
  5 rats
51 creatures vanquished.

Notes
Turn   | Place    | Note
-------+----------+-------------------------------------------
     0 | D:1      | Autsider the Hill Orc Fighter began the quest for the Orb.
     0 | D:1      | Reached XP level 1. HP: 19/19 MP: 1/1
   301 | D:1      | Reached XP level 2. HP: 20/27 MP: 2/2
   832 | D:2      | Reached XP level 3. HP: 18/33 MP: 3/3
  1421 | D:3      | Found a transporter.
  1453 | D:3      | Reached XP level 4. HP: 40/40 MP: 4/4
  1505 | D:3      | Found a transporter.
  1666 | D:3      | Found an ornate altar of the Wu Jian Council.
  1900 | D:3      | Killed from afar by an electric eel

Skill      XL: |  1  2  3  4 |
---------------+-------------+-----
Axes           | 3 |  3.9
Fighting       | 4 |  4.4
Shields        | 4 |  4.1
Armour         | 4 |  4.0

Action                   |  1- 3 |  4- 6 || total
-------------------------+-------+-------++-------
Melee: War axe           |   112 |    58 ||   170
  Eat: Chunk             |     2 |     1 ||     3
Armor: Scale mail        |    63 |    37 ||   100
Dodge: Dodged            |    30 |    34 ||    64
Block: Shield            |    56 |    42 ||    98
